 Dungeon Crawl Stone Soup version 0.17-a0-1202-g2dd280d (console) character file.

267 Garrluk the Slasher (level 6, -2/47 HPs)
             Began as a Formicid Fighter on June 3, 2015.
             Slain by Crazy Yiuf
             ... wielding a +2 quarterstaff of chaos
              (17 damage)
             ... on level 3 of the Dungeon.
             The game lasted 00:04:06 (1970 turns).

Garrluk the Slasher (Formicid Fighter)              Turns: 1970, Time: 00:04:06

Health: -2/47      AC:  9    Str: 22    XL:     6   Next: 45%
Magic:  6/6        EV:  6    Int:  8    God:
Gold:   129        SH:  9    Dex: 10    Spells: 0 memorised, 5 levels left

rFire  . . .     SeeInvis +     a - +0 long sword
rCold  . . .     Clarity  .     i - +0 chain mail
rNeg   . . .     SustAt   .     c - +0 shield
rPois  .         Gourm    .     (helmet unavailable)
rElec  .         Spirit   .     (no cloak)
rCorr  .         Warding  .     (no gloves)
rMut   .         Stasis   +     (no boots)
MR     .....                    (no amulet)
Stlth  ..........               (no ring)
                                (no ring)

@: lethally poisoned (-2 -> -14), not resistant to hostile enchantments,
extremely unstealthy
A: permanent stasis, dig shafts and tunnels, four strong arms, antennae 3
a: Dig, Shaft Self


You were on level 3 of the Dungeon.
You were not hungry.

You visited 1 branch of the dungeon, and saw 3 of its levels.

You collected 129 gold pieces.

Notes
Turn   | Place    | Note
--------------------------------------------------------------
     0 | D:1      | Garrluk the Formicid Fighter began the quest for the Orb.
     0 | D:1      | Reached XP level 1. HP: 18/18 MP: 1/1
   100 | D:1      | Reached XP level 2. HP: 16/24 MP: 2/2
   245 | D:1      | Reached XP level 3. HP: 22/29 MP: 3/3
   621 | D:2      | Found a radiant altar of Vehumet.
  1030 | D:2      | Found a blossoming altar of Fedhas.
  1065 | D:2      | Reached skill level 4 in Long Blades
  1065 | D:2      | Reached XP level 4. HP: 35/35 MP: 4/4
  1331 | D:3      | Found an ancient bone altar of Kikubaaqudgha.
  1704 | D:3      | Noticed Grinder
  1726 | D:3      | Killed Grinder
  1726 | D:3      | Reached skill level 6 in Long Blades
  1726 | D:3      | Reached XP level 5. HP: 14/41 MP: 5/5
  1726 | D:3      | Reached XP level 6. HP: 16/47 MP: 6/6
  1795 | D:3      | Found an opulent altar of Gozag.
  1954 | D:3      | Noticed Crazy Yiuf
  1970 | D:3      | Slain by Crazy Yiuf

Inventory:

Hand weapons
 a - a +0 long sword (weapon)
Armour
 c - a +0 shield (worn)
 i - a +0 chain mail (worn)
   (You found it on level 2 of the Dungeon)
Magical devices
 o - a wand of frost (38)
   (You found it on level 3 of the Dungeon)
Scrolls
 b - a scroll of immolation {unknown}
 g - a scroll of identify {unknown}
 h - 3 scrolls of remove curse {unknown}
 l - a scroll of blinking {unknown}
 m - a scroll of magic mapping {unknown}
Potions
 e - a potion of agility {unknown}
 j - a potion of resistance {unknown}
 k - 2 potions of mutation {unknown}
 n - a potion of lignification {unknown}
 p - a potion of curing {unknown}
Comestibles
 f - 3 bread rations

Table legend:
 A = Turns spent in this place as a percentage of turns spent in the entire game.
 B = Non-inter-level travel turns spent in this place as a percentage of non-inter-level travel turns spent in the entire game.
 C = Inter-level travel turns spent in this place as a percentage of turns spent in this place.
 D = Turns resting spent in this place as a percentage of non-inter-level travel turns spent in this place.
 E = Turns spent auto-exploring this place as a percentage of non-inter-level travel turns spent in this place.
 F = Non-inter-level travel turns spent in this place divided by the number of levels of this place that you've seen.
                   A       B       C       D       E      F
               +-------+-------+-------+-------+-------+----------------------
         Total | 100.0 | 100.0 |   0.6 |   0.0 |  10.7 | 209.3
       Dungeon | 100.0 | 100.0 |   0.6 |   0.0 |  10.7 | 209.3
               +-------+-------+-------+-------+-------+----------------------


   Skills:
 - Level 3.2 Fighting
 * Level 6.3 Long Blades
 - Level 3.2 Armour
 - Level 3.6 Shields
 + Level 0.0 Evocations


You had 5 spell levels left.
You didn't know any spells.

Dungeon Overview and Level Annotations

Branches:
Dungeon (3/15)

Altars:
Fedhas
Gozag
Kikubaaqudgha
Vehumet

Annotations:
D:3 Crazy Yiuf


Innate Abilities, Weirdness & Mutations

You are under a permanent stasis effect.
You can dig through walls and to a lower floor.
Your four strong arms can wield two-handed weapons with a shield.
You have a pair of large antennae on your head (SInv).


Message History

Crazy Yiuf is moderately wounded.
You block Crazy Yiuf's attack.
You barely miss Crazy Yiuf.
Crazy Yiuf is moderately wounded.
Crazy Yiuf hits you but does no damage.
You are poisoned.
Crazy Yiuf hits you with a quarterstaff of chaos.
You are more poisoned.
You closely miss Crazy Yiuf.
Crazy Yiuf is moderately wounded.
You feel sick. You block Crazy Yiuf's attack.
You hit Crazy Yiuf but do no damage.
Crazy Yiuf is moderately wounded.
You feel sick.
Crazy Yiuf hits you with a quarterstaff of chaos.
Crazy Yiuf draws strength from your injuries!
Your shield and chain mail prevent you from hitting Crazy Yiuf.
Crazy Yiuf is moderately wounded.
You feel sick. Crazy Yiuf hits you but does no damage.
You are electrocuted!
You die...

....#.....#......# #.###....#
....###.###.^....#######...#....#
....#......................#.....
......................##...#....#
......................##...#.....
........################.........
+###+##.# #......... ...#.#..#
#...(..... ........##♣♣ ###
#......... ........#..♣♣
♣♣#)))#♣#...>.....
...#.#......♣♣♣♣@g)..#♣.........#
.....#.......♣..♣#)..#♣#........+
######..#...♣.♣♣♣ ### #........+
........##♣♣♣♣♣ ##########
.....#..# #..# #....
###.##..################..####...
###..........##...........'......
##.###........#...........####...
.......#..................'.'....
.......#.#................#######
.......#.#.##.............####...


You could see Crazy Yiuf.

Table legend:
 A = Kills in this place as a percentage of kills in entire the game.
 B = Kills by you in this place as a percentage of kills by you in the entire game.
 C = Kills by friends in this place as a percentage of kills by friends in the entire game.
 D = Other kills in this place as a percentage of other kills in the entire game.
 E = Experience gained in this place as a percentage of experience gained in the entire game.
 F = Experience gained in this place divided by the number of levels of this place that you have seen.
                   A       B       C       D       E      F
               +-------+-------+-------+-------+-------+----------------------
         Total | 100.0 | 100.0 |  -nan |  -nan | 100.0 | 127.3
       Dungeon | 100.0 | 100.0 |  -nan |  -nan | 100.0 | 127.3
               +-------+-------+-------+-------+-------+----------------------

Vanquished Creatures
  Monster Symbol All '5' Grinder (D:3)
1 creature vanquished. All 'J' 2 oozes (D:1)
2 creatures vanquished. All 'K' 6 kobolds
6 creatures vanquished. All 'S' 2 ball pythons
2 creatures vanquished. All 'b' 6 bats
6 creatures vanquished. All 'g' 9 hobgoblins 13 goblins
22 creatures vanquished. All 'l' 2 giant geckos 3 giant newts
5 creatures vanquished. All 'o' An orc (D:3)
1 creature vanquished. All 'r' 2 quokkas 4 rats
6 creatures vanquished. All 's' 2 giant cockroaches (D:2)
2 creatures vanquished. All 'w' 2 worms
2 creatures vanquished.
55 creatures vanquished. Monster Nature Uniques Grinder (D:3)
1 creature vanquished. Natural Monsters 2 oozes (D:1) 2 worms 2 giant geckos An orc (D:3) 2 giant cockroaches (D:2) 9 hobgoblins 2 ball pythons 6 bats 3 giant newts 13 goblins 6 kobolds 2 quokkas 4 rats
54 creatures vanquished.
55 creatures vanquished. Ascending Order Grinder (D:3) An orc (D:3) 2 oozes (D:1) 2 worms 2 giant geckos 2 giant cockroaches (D:2) 2 quokkas 2 ball pythons 3 giant newts 4 rats 6 kobolds 6 bats 9 hobgoblins 13 goblins
55 creatures vanquished.

Action                   |  1- 3 |  4- 6 || total
-------------------------+-------+-------++-------
Melee: Long sword        |    97 |    88 ||   185
 Abil: Dig               |     1 |     2 ||     3
  Use: Potion            |       |     1 ||     1
  Eat: Chunk             |       |     4 ||     4
